 Dungeon Crawl Stone Soup version 0.32-a0-913-g739538afd8 (webtiles) character file.

Game seed: 10689905868277955956

620 Heh the Trooper (level 7, 0/58 HPs)
             Began as a Coglin Hedge Wizard on Apr 7, 2024.
             Was a Follower of Beogh.
             Succumbed to poison
             ... on level 5 of the Dungeon.
             The game lasted 00:13:21 (3605 turns).

Heh the Trooper (Coglin Hedge Wizard)               Turns: 3605, Time: 00:13:22

Health: 0/58       AC:  3    Str: 14    XL:     7   Next: 46%
Magic:  0/11       EV: 11    Int: 13    God:    Beogh [*.....]
Gold:   93         SH:  0    Dex: 15    Spells: 5/11 levels left

rFire   . . .        k - +2 dagger (venom) {Dagmar}
rCold   . . .        r - +9 spear of the Iron City of Dis {flame, ^Drain rElec Str+3 SInv}
rNeg    . . .        b - +0 robe
rPois   .            c - +0 hat
rElec   +            (no cloak)
rCorr   .            l - +0 pair of gloves
SInv    +            (no boots)
Will    .....        (amulet unavailable)
Stlth   +            (ring unavailable)
HPRegen 0.29/turn    (ring unavailable)
MPRegen 0.12/turn    (no gizmo)

%: no passive effects
@: confused, lethally poisoned (0 -> -21), very slightly contaminated
A: off-hand wielding, slow wielding, warmup strikes, no jewellery
a: Invent Gizmo, Renounce Religion


You were on level 5 of the Dungeon.
You worshipped Beogh.
Beogh was aware of your devotion.
You visited 1 branch of the dungeon, and saw 5 of its levels.

You collected 236 gold pieces.
You spent 143 gold pieces at shops.

Inventory:

Hand Weapons
 a - a +0 dagger {Eunwoo}
 e - a +0 dagger {Nefertari}
 h - a +0 short sword
 j - a +2 whip of draining
 k - a +2 dagger of venom (weapon) {Dagmar}
 o - a +0 short sword {Yvonne}
 r - the +9 spear of the Iron City of Dis (offhand) {flame, ^Drain rElec Str+3 SInv}
   (You found it on level 2 of the Dungeon)

   Str+3:     It affects your strength (+3).
   rElec:     It insulates you from electricity.
   SInv:      It lets you see invisible.
   ^Drain:    It drains your maximum health when unequipped.
 x - a +4 hand axe
Missiles
 C - 5 poisoned darts
Armour
 b - a +0 robe (worn)
 c - a +0 hat (worn)
 l - a +0 pair of gloves (worn)
Wands
 y - a wand of polymorph (12)
 z - a wand of charming (13)
 B - a wand of flame (17)
Scrolls
 i - 7 scrolls of identify {unknown}
 p - 2 scrolls of teleportation {unknown}
 q - 2 scrolls of immolation {unknown}
 t - a scroll of enchant weapon {unknown}
 u - a scroll of blinking
 A - a scroll of enchant armour {unknown}
Potions
 d - a potion of magic
 g - a potion of haste {unknown}
 m - a potion of lignification {unknown}
 n - a potion of attraction {unknown}
 s - 3 potions of degeneration {unknown}
 v - a potion of brilliance {unknown}
 w - a potion of ambrosia {unknown}


   Skills:
 + Level 6.3 Fighting
 - Level 1.7 Dodging
 - Level 1.5 Stealth
 - Level 2.6 Spellcasting
 - Level 2.0 Conjurations
 - Level 1.0 Summonings
 - Level 1.0 Translocations
 - Level 2.0 Air Magic
 - Level 3.0 Alchemy


You had 5 spell levels left.
You knew the following spells:

 Your Spells              Type           Power      Damage    Failure   Level
a - Magic Dart            Conj           24%        1d4       11%         1
b - Mephitic Cloud        Conj/Alch/Air  7%         N/A       26%         3
c - Blink                 Tloc           8%         N/A       24%         2

Your spell library contained the following spells:

 Spells                   Type           Power      Damage    Failure   Level
 Cigotuvi's Dreadful Rot  Necr/Alch/Air  12%        N/A       19%         2
 Freeze                   Ice            4%         1d3       24%         1
 Slow                     Hex            4%         N/A       24%         1
 Call Imp                 Summ           8%         N/A       24%         2
 Hailstorm                Conj/Ice       4%         3d5       43%         3
 Frozen Ramparts          Ice            2%         1d1       56%         3


Dungeon Overview and Level Annotations

Branches:
Dungeon (5/15)
 Temple: D:4-7

Altars:
Uskayaw
Yredelemnul

Shops:
D:3 ?:*

Annotations:
D:4 1 runed translucent door, sirdedalot's ghost, amateur MDWr


Innate Abilities, Weirdness & Mutations

You can wield a second weapon in your off-hand.
It takes a long time for you to wield or remove held weapons.
Your first few attacks do less damage.
You cannot equip rings or amulets.


Message History

The scorpion stings you. The scorpion barely misses you.
The scorpion closely misses you. The scorpion stings you.
You are poisoned.
The scorpion poisons you!
You feel very sick. The scorpion stings you!
* * * LOW HITPOINT WARNING * * *
You hit the scorpion but do no damage.
The scorpion is poisoned.
You barely miss the scorpion with the +9 spear of the Iron City of Dis.
You feel very sick. The scorpion stings you.
* * * LOW HITPOINT WARNING * * *
You feel better. The scorpion stings you.
* * * LOW HITPOINT WARNING * * *
You are poisoned.
The scorpion poisons you!
Casting: Mephitic Cloud (dangerous; 26% risk of failure)
Confirm with . or Enter, or press ? or * to list all spells.
Aiming: Mephitic Cloud (dangerous; 26% risk of failure)
Press: ? - help, Shift-Dir - straight line, f/p - scorpion
Aim: a scorpion (lightly wounded, poisoned, chance to affect: 81%)
You miscast Mephitic Cloud.
Mercury flows from your graspers.
You are lethally poisoned!
* * * LOW HITPOINT WARNING * * *
You feel very sick. The scorpion barely misses you.
Unknown command.
Casting: Mephitic Cloud (dangerous; 26% risk of failure)
Confirm with . or Enter, or press ? or * to list all spells.
Aiming: Mephitic Cloud (dangerous; 26% risk of failure)
Press: ? - help, Shift-Dir - straight line, f/p - scorpion
Aim: a scorpion (moderately wounded, poisoned, chance to affect: 81%)
The ball explodes into a vile cloud!
The stinking cloud engulfs the scorpion.
The scorpion is moderately wounded.
The stinking cloud engulfs you.
You are engulfed in noxious fumes.
You choke on the stench!
You are confused.
You die...

###..##### ######
###..........
......##..)#########
#####.#....†)))# ##
#.##.#####.#### .##
#.##.#....)..:# ..#
#.##.#....)...# ..#
#.#..#.....§s§#
..###.#..#......@.#
...##)#..#........'....#
.........#........####.#
..#..>.#.#........#
..######+########## ###


You could see a scorpion (poisoned).

Vanquished Creatures
  An ogre (D:5)
  A scorpion (D:5)
  3 bombardier beetles (D:3)
  A hound (D:5)
  3 orc priests
  A gnoll bouda (D:5)
  An iguana (D:5)
  2 orc wizards (D:5)
  A sleepcap (D:5)
  7 gnolls
  2 adders
  A dart slug (D:1)
  A ribbon worm (D:2)
  6 orcs
  6 endoplasms
  2 giant cockroaches
  4 goblins
  4 hobgoblins
  6 quokkas
  8 ball pythons
  6 bats
  A frilled lizard (D:3)
  6 kobolds
  7 rats
81 creatures vanquished.

Vanquished Creatures (others)
  An orc (D:5)
1 creature vanquished.

Grand Total: 82 creatures vanquished

Notes
Turn   | Place    | Note
-------+----------+-------------------------------------------
     0 | D:1      | Heh the Coglin Hedge Wizard began the quest for the Orb.
     0 | D:1      | Reached XP level 1. HP: 13/13 MP: 4/4
    98 | D:1      | Reached skill level 1 in Fighting
   115 | D:1      | Reached XP level 2. HP: 5/21 MP: 1/5
   310 | D:1      | Reached skill level 2 in Fighting
   605 | D:1      | Found a faded altar of an unknown god.
   863 | D:2      | Reached XP level 3. HP: 26/28 MP: 7/7
  1042 | D:2      | Reached skill level 3 in Fighting
  1164 | D:2      | Learned a level 3 spell: Mephitic Cloud
  1245 | D:2      | Learned a level 2 spell: Blink
  1362 | D:2      | Reached skill level 1 in Conjurations
  1373 | D:2      | Identified the +9 spear of the Iron City of Dis {flame,
                  | ^Drain rElec Str+3 SInv}
  1516 | D:3      | Found Caxin's Assorted Antiques.
  1519 | D:3      | Bought a bubbling blue potion for 19 gold pieces
  1519 | D:3      | Bought an emerald potion for 19 gold pieces
  1570 | D:3      | Found Doiduscho's Book Shop.
  1702 | D:3      | Found Fauts's Magic Scroll Emporium.
  1707 | D:3      | Bought a scroll of blinking for 105 gold pieces
  1764 | D:3      | Reached XP level 4. HP: 35/35 MP: 8/8
  1825 | D:3      | Reached skill level 1 in Alchemy
  1889 | D:3      | Noticed a +0 dagger
  1890 | D:3      | Found a hide-covered altar of Uskayaw.
  1890 | D:3      | Noticed a +0 hand axe
  1901 | D:3      | Reached skill level 1 in Air Magic
  1901 | D:3      | Reached XP level 5. HP: 41/41 MP: 9/9
  2540 | D:4      | Became a worshipper of Beogh the Shepherd
  2744 | D:4      | Found a basalt altar of Yredelemnul.
  2786 | D:4      | Found a runed translucent door.
  2786 | D:4      | Noticed sirdedalot's ghost (amateur MDWr)
  2855 | D:4      | Noticed a sky beast
  3132 | D:5      | Entered Level 5 of the Dungeon
  3144 | D:5      | Reached skill level 4 in Fighting
  3144 | D:5      | Reached XP level 6. HP: 34/48 MP: 10/10
  3360 | D:5      | Reached skill level 5 in Fighting
  3414 | D:5      | Reached XP level 7. HP: 56/56 MP: 11/11
  3510 | D:5      | Reached skill level 6 in Fighting
  3538 | D:5      | Reached * piety under Beogh
  3605 | D:5      | Succumbed to poison

Illustrated notes

Levels and vault maps discovered:
D:1:      dpeg_arrival_erosion, layout_rooms, chequers_ecumenical_altar_island
D:2:      layout_rooms
D:3:      layout_loops_corners, dancing_weapons_uskayaw, serial_shops, shop,
          shop, nicolae_shop_just_a_little_nook, nicolae_eternal_life,
          nicolae_figureground_pulse
D:4:      layout_basic, kennysheep_little_box, hellmonk_ghost_happy_afterlife,
          dreamdust_princess_bridge, palyth_stone_intersect,
          lightli_corner_chamber
D:5:      layout_basic, chequers_serial_rivers_small_a, dk_rats_in_the_wall,
          uniq_eustachio

Skill      XL: |  1  2  3  4  5  6  7 |
---------------+----------------------+-----
Fighting       | 1 2 3 4 5 6 |  6.3
Conjurations   | 1 2 |  2.0
Alchemy        | 1 2 3 |  3.0
Air Magic      | 1 2 |  2.0
Dodging        | |  1.7
Stealth        | |  1.5
Spellcasting   | |  2.6
Summonings     | |  1.0
Translocations | |  1.0

Action                     |  1- 3 |  4- 6 |  7- 9 || total
---------------------------+-------+-------+-------++-------
  Melee: Dagger            |   109 |    36 |    13 ||   158
         Short sword       |    22 |       |       ||    22
         Spear             |     7 |    66 |    21 ||    94
   Cast: Magic Dart        |    22 |       |       ||    22
         Mephitic Cloud    |       |     2 |     3 ||     5
 Invoke: Convert to Beogh  |       |     1 |       ||     1
    Use: Potion            |       |     1 |     3 ||     4
   Stab: Sleeping          |     5 |     6 |       ||    11
         Confused          |       |     1 |       ||     1
 Armour: Robe              |    68 |    18 |    41 ||   127
  Dodge: Dodged            |    30 |    21 |    26 ||    77

Table legend: (Time is in decaauts)
 A = Elapsed time spent in this place.
 B = Non-inter-level travel time spent in this place.
 C = Inter-level travel time spent in this place.
 D = Time resting spent in this place.
 E = Time spent auto-exploring this place.
 F = Levels seen in this place.
 G = Mean time per level.
                   A        B        C        D        E       F      G
               +--------+--------+--------+--------+--------+-----+--------+
         Total |   3615 |   3427 |    188 |      0 |   2803 |   5 |  723.0 |
       Dungeon |   3615 |   3427 |    188 |      0 |   2803 |   5 |  723.0 |
               +--------+--------+--------+--------+--------+-----+--------+

Top non-repeatable levels by time:
     D:1: 908 daAuts
     D:3: 900 daAuts
     D:4: 717 daAuts
     D:2: 613 daAuts
     D:5: 474 daAuts
